 Dungeon Crawl Stone Soup version 0.28.0-43-g3370ac3207 (webtiles) character file.

Game seed: 3428743984594917147

121 adizb the Conjurer (level 4, -3/24 HPs)
             Began as a Deep Elf Conjurer on Mar 15, 2022.
             Slain by a gnoll
             ... wielding a +0 whip
              (4 damage)
             ... on level 3 of the Dungeon.
             The game lasted 00:13:26 (1748 turns).

adizb the Conjurer (Deep Elf Conjurer)              Turns: 1748, Time: 00:13:27

Health: -3/24      AC:  3    Str:  4    XL:     4   Next: 76%
Magic:  9/12       EV: 13    Int: 25    God:
Gold:   128        SH:  0    Dex: 13    Spells: 2/12 levels left

rFire   . . .      SeeInvis .   c - +0 dagger
rCold   . . .      Faith    .   (no shield)
rNeg    . . .      Spirit   .   a - +0 robe
rPois   .          Reflect  .   (no helmet)
rElec   .          Harm     .   n - +0 cloak
rCorr   .          Rampage  .   (no gloves)
Will    .....                   (no boots)
Stlth   ++........              o - amulet of magic regeneration
HPRegen 0.08/turn               g - ring of wizardry
MPRegen 0.53/turn               (no ring)

@: no status effects
A: no striking features
a: no special abilities


You were on level 3 of the Dungeon.
You visited 1 branch of the dungeon, and saw 3 of its levels.

You collected 128 gold pieces.

Inventory:

Hand Weapons
 c - a +0 dagger (weapon)
Missiles
 i - 6 silver javelins
Armour
 a - a +0 robe (worn)
 n - a +0 cloak (worn)
Jewellery
 b - an amulet of reflection
 g - a ring of wizardry (left hand)
 o - an amulet of magic regeneration (around neck)
Scrolls
 h - a scroll of identify {unknown}
 j - a scroll of enchant armour {unknown}
 m - a scroll of noise {unknown}
Potions
 d - a potion of haste {unknown}
 e - a potion of mutation {unknown}
 f - a potion of heal wounds {unknown}
 k - a potion of curing {unknown}
 l - a potion of resistance {unknown}
 p - 2 potions of lignification {unknown}


   Skills:
 + Level 3.4 Dodging
 - Level 2.4 Stealth
 * Level 4.9 Spellcasting
 + Level 5.2 Conjurations
 * Level 1.2 Necromancy


You had 2 spell levels left.
You knew the following spells:

 Your Spells              Type           Power      Damage    Failure   Level
a - Magic Dart            Conj           100%       1d8       1%          1
b - Searing Ray           Conj           64%        2d6       1%          2
c - Dazzling Flash        Conj/Hex       38%        N/A       3%          3
d - Fulminant Prism       Conj/Hex       9%         3d7       12%         4

Your spell library contained the following spells:

 Spells                   Type           Power      Damage    Failure   Level
 Animate Skeleton         Necr           24%        N/A       1%          1
 Pain                     Necr           48%        1d6       1%          1
 Vampiric Draining        Necr           12%        2d6       6%          3
 Iskenderun's Mystic Bla  Conj/Tloc      19%        2d6       12%         4


Dungeon Overview and Level Annotations

Branches:
Dungeon (3/15)

Altars:
Yredelemnul

Shops:
D:1 ?


Message History

The gnoll shouts! (Press . to maintain the ray.)
You hear a shout!
A gnoll comes into view. It is wielding a +0 whip.
The gnoll shouts!
The searing ray hits the gnoll!
You kill the gnoll!
Your Necromancy skill increases to level 1!
The searing ray hits the gnoll.
The gnoll is heavily wounded.
A gnoll comes into view. It is wielding a +0 halberd.
The searing ray misses the gnoll.
You finish channelling your searing ray.
Found a ring mail.
The gnoll hits you with a +0 halberd.
A gnoll comes into view. It is wielding a +0 whip.
The gnoll shouts!
The gnoll hits you with a +0 halberd!
Ouch! That really hurt!
* * * LOW HITPOINT WARNING * * *
The gnoll hits you with a +0 whip.
* * * LOW HITPOINT WARNING * * *
The gnoll hits you from afar with a +0 halberd.
* * * LOW HITPOINT WARNING * * *
Okay, then.
Okay, then.
Aiming: Searing Ray (safe; 1% risk of failure)
Press: ? - help, Q - select action, (/) - cycle Shift-Dir - straight line, f - gnoll
Aim: a gnoll, wielding a +0 halberd (83% to hit)
The searing ray hits the gnoll!
You kill the gnoll!
The searing ray hits the gnoll.
The gnoll is moderately wounded. (Press . to maintain the ray.)
The gnoll misses you.
The searing ray hits the gnoll!
The gnoll is almost dead.
The searing ray hits the gnoll!
You kill the gnoll!
The gnoll hits you with a +0 whip.
You die...

#>###.##........ #.#
#.##.######### #.#
#............
#.######.#####.# ###
#..............# ...
##############.###.#
#..)).# ###g### #@#
#.# #[# #.# ... ...
... .....


You could see a gnoll.

Vanquished Creatures
  A hound (D:2)
  3 gnolls (D:3)
  An adder (D:3)
  2 worms (D:2)
  A dart slug (D:1)
  7 endoplasms
  2 giant cockroaches
  4 goblins
  2 hobgoblins (D:1)
  6 jackals (D:1)
  4 ball pythons
  7 bats
  4 frilled lizards
  4 kobolds
  7 rats
55 creatures vanquished.

Notes
Turn   | Place    | Note
-------+----------+-------------------------------------------
     0 | D:1      | adizb the Deep Elf Conjurer began the quest for the Orb.
     0 | D:1      | Reached XP level 1. HP: 10/10 MP: 6/6
    64 | D:1      | Found Woramuy's Magic Scroll Boutique.
   186 | D:1      | Reached XP level 2. HP: 15/15 MP: 5/8
   192 | D:1      | Learned a level 2 spell: Searing Ray
   573 | D:1      | Reached XP level 3. HP: 19/19 MP: 7/10
   588 | D:1      | Learned a level 3 spell: Dazzling Flash
  1010 | D:2      | Reached skill level 5 in Conjurations
  1227 | D:2      | Found a basalt altar of Yredelemnul.
  1232 | D:2      | Reached XP level 4. HP: 24/24 MP: 6/12
  1237 | D:2      | Learned a level 4 spell: Fulminant Prism
  1741 | D:3      | Reached skill level 1 in Necromancy
  1746 | D:3      | HP: 1/24 [gnoll/+0 halberd (4)]
  1748 | D:3      | Slain by a gnoll

Illustrated notes

Levels and vault maps discovered:
D:1:      amcnicky_arrival_underground_garden, layout_loops_corners,
          serial_aquarium, aquarium_bridge_island_small
          [aquarium_subvault_small_open, aquarium_subvault_bridge,
          aquarium_subvault_bridge, aquarium_subvault_bridge,
          aquarium_subvault_wall], aquarium_window_corner, aquarium_window_fake,
          aquarium_window_1, aquarium_window_corridor_3, aquarium_view_2d,
          aquarium_view_2f, aquarium_balcony_3b, aquarium_pool_side,
          serial_shops, shop
D:2:      layout_basic, basic_altar, chequers_serial_rivers_large_b
D:3:      layout_loops_ring, lemuel_round_altar

Skill      XL: |  1  2  3  4 |
---------------+-------------+-----
Spellcasting   | 4 |  4.9
Conjurations   | 5 |  5.2
Dodging        | 3 |  3.4
Necromancy     | 1 |  1.2
Stealth        | |  2.4

Action                   |  1- 3 |  4- 6 || total
-------------------------+-------+-------++-------
Melee: Dagger            |     9 |       ||     9
 Cast: Magic Dart        |    77 |    19 ||    96
       Searing Ray       |     2 |     2 ||     4
Armor: Robe              |     3 |       ||     3
Dodge: Dodged            |    15 |     2 ||    17
Block: Other             |     4 |     1 ||     5
